TOP OF THE 1ST |
University of Florida Gators batting - Pitching for Oregon State University Beavers : RHP Zachary Whilden
|
Pitching: RHP Zachary Whilden
|
|
Batting: RHB Kazumi Inouye
|
0-0: Foul Ball, location: 2F 0-1: Fly out, F9 (Flyball, 9, EV 87.5 MPH)
|
Batting: RHB Marco Morales
|
0-0: Fly out, F8 (Flyball, 8LD, EV 86.2 MPH)
|
Batting: RHB Mike Stein
|
0-0: Ball 1-0: Called Strike 1-1: Ball 2-1: Called Strike 2-2: Ball 3-2: Base on Balls
|
Batting: RHB Martin Dudley
|
0-0: Swinging Strike 0-1: Fly out, F8 (Line Drive, 89M, EV 97.5 MPH)
|
Top of the 1st over - 0 runs, 0 hits, 0 errors, 1 left on base; University of Florida 0 - Oregon State University 0 |
BOTTOM OF THE 1ST |
Oregon State University Beavers batting - Pitching for University of Florida Gators : RHP Marc Miles
|
Pitching: RHP Marc Miles
|
|
Batting: LHB Sun-wei Kuai
|
0-0: Ball 1-0: Ground out 1-3 (Groundball, 15S, EV 63.8 MPH)
|
Batting: LHB Chad Carlson
|
0-0: Ball 1-0: Ball 2-0: Foul Ball, location: 2F 2-1: Ball 3-1: Base on Balls
|
Batting: RHB Gary Smith
|
0-0: Called Strike 0-1: Ball 1-1: Ball 2-1: Ball Passed Ball! Chad Carlson to second 3-1: Base on Balls
|
Batting: RHB Mario Avila
|
0-0: Called Strike 0-1: Ball 1-1: SINGLE (Groundball, 56D, EV 95.6 MPH) Chad Carlson to third Gary Smith to second Throwing error, E7 Chad Carlson scores Gary Smith to third Mario Avila to second
|
Batting: LHB Mike Becerra
|
0-0: Ball 1-0: Called Strike 1-1: Ball 2-1: Foul Ball, location: 2F 2-2: Strikes out swinging
|
Batting: RHB Yasuyuki Moriyama
|
0-0: Called Strike 0-1: Ball 1-1: Swinging Strike 1-2: Fly out, F7 (Flyball, 78M, EV 73.1 MPH)
|
Bottom of the 1st over - 1 run, 1 hit, 1 error, 2 left on base; University of Florida 0 - Oregon State University 1 |
TOP OF THE 2ND |
University of Florida Gators batting - Pitching for Oregon State University Beavers : RHP Zachary Whilden
|
Batting: RHB Troy Bush
|
0-0: Called Strike 0-1: Foul Ball, location: 2F 0-2: Foul Ball, location: 2F 0-2: Ball 1-2: Ball 2-2: Ball 3-2: Strikes out swinging
|
Batting: RHB Alex Martinez
|
0-0: Ball 1-0: Called Strike 1-1: Ball 2-1: Called Strike 2-2: Ball 3-2: Base on Balls
|
Batting: RHB Ryan Jennings
|
0-0: Swinging Strike 0-1: Foul Ball, location: 2F 0-2: Ball 1-2: Ball 2-2: Foul Ball, location: 2F 2-2: SINGLE (Groundball, 56, EV 100.6 MPH) (infield hit) Alex Martinez to second
|
Batting: LHB Kuan Hsia
|
0-0: Called Strike 0-1: Fly out, F8 (Flyball, 89M, EV 83.1 MPH)
|
Batting: LHB Cao-Ky Trieu
|
0-0: Called Strike 0-1: Ball Wild Pitch! Alex Martinez to third Ryan Jennings to second 1-1: Swinging Strike Passed Ball! Alex Martinez scores Ryan Jennings to third 1-2: Ball 2-2: Foul Ball, location: 2F 2-2: Foul Ball, location: 2F 2-2: Foul Ball, location: 2F 2-2: Foul Ball, location: 2F 2-2: Foul Ball, location: 2F 2-2: Ball Passed Ball! Ryan Jennings scores 3-2: Foul Ball, location: 2F 3-2: Foul Ball, location: 2F 3-2: Ground out 2-3 (Groundball, 2R, EV 69.4 MPH)
|
Top of the 2nd over - 2 runs, 1 hit, 0 errors, 0 left on base; University of Florida 2 - Oregon State University 1 |
BOTTOM OF THE 2ND |
Oregon State University Beavers batting - Pitching for University of Florida Gators : RHP Marc Miles
|
Batting: RHB Robert Carlos
|
0-0: Ball 1-0: Foul Ball, location: 2F 1-1: Ball 2-1: Ball 3-1: SINGLE (Line Drive, 89S, EV 98.8 MPH)
|
Batting: RHB Edwin Sierra
|
0-0: Reached on error, E3 (Groundball, 3, EV 83.8 MPH) Robert Carlos to second
|
Batting: SHB Michael Woodard
|
0-0: Ball 1-0: Ball Passed Ball! Robert Carlos to third Edwin Sierra to second 2-0: Swinging Strike 2-1: Ball 3-1: Foul Ball, location: 2F 3-2: Base on Balls
|
Batting: LHB Sun-wei Kuai
|
0-0: Ball 1-0: Ball 2-0: Called Strike 2-1: Foul Ball, location: 2F 2-2: Foul Ball, location: 2F 2-2: Strikes out swinging
|
Batting: LHB Chad Carlson
|
0-0: Ball 1-0: Ball 2-0: Called Strike 2-1: Ball 3-1: Called Strike 3-2: Foul Ball, location: 2F 3-2: Foul Ball, location: 2F 3-2: Strikes out swinging
|
Batting: RHB Gary Smith
|
0-0: Fly out, F2 (Popup, 23F, EV 84.4 MPH)
|
Bottom of the 2nd over - 0 runs, 1 hit, 1 error, 3 left on base; University of Florida 2 - Oregon State University 1 |
TOP OF THE 3RD |
University of Florida Gators batting - Pitching for Oregon State University Beavers : RHP Zachary Whilden
|
Batting: RHB Kazumi Inouye
|
0-0: Ball 1-0: Called Strike 1-1: Fly out, F2 (Popup, 3SF, EV 83.8 MPH)
|
Batting: RHB Marco Morales
|
0-0: SINGLE (Groundball, 6MD, EV 101.2 MPH)
|
Batting: RHB Mike Stein
|
0-0: Foul Ball, location: 2F 0-1: Fly out, F7 (Flyball, 78S, EV 78.8 MPH)
|
Batting: RHB Martin Dudley
|
0-0: Ball Wild Pitch! Marco Morales to second 1-0: Ball Wild Pitch! Marco Morales to third 2-0: Foul Ball, location: 2F 2-1: Foul Ball, location: 2F 2-2: SINGLE (Groundball, 34D, EV 96.9 MPH) Marco Morales scores
|
Batting: RHB Troy Bush
|
0-0: Called Strike 0-1: Swinging Strike 0-2: Foul Ball, location: 2F 0-2: Ball 1-2: Foul Ball, location: 2F 1-2: SINGLE (Line Drive, 6M, EV 98.1 MPH) Martin Dudley to second
|
Batting: RHB Alex Martinez
|
0-0: Called Strike 0-1: Ball 1-1: Fly out, F3 (Popup, 34S, EV 77.5 MPH)
|
Top of the 3rd over - 1 run, 3 hits, 0 errors, 2 left on base; University of Florida 3 - Oregon State University 1 |
BOTTOM OF THE 3RD |
Oregon State University Beavers batting - Pitching for University of Florida Gators : RHP Marc Miles
|
Batting: RHB Mario Avila
|
0-0: Called Strike 0-1: Ball 1-1: Foul Ball, location: 2F 1-2: Foul Ball, location: 2F 1-2: Foul Ball, location: 2F 1-2: Ball 2-2: Ball 3-2: Fly out, F8 (Flyball, 8RM, EV 84.4 MPH)
|
Batting: LHB Mike Becerra
|
0-0: Foul Ball, location: 2F 0-1: Ball 1-1: Ball 2-1: Foul Ball, location: 2F 2-2: Strikes out swinging
|
Pitching: RHP Jason Waite
|
|
Batting: RHB Yasuyuki Moriyama
|
0-0: SINGLE (Line Drive, 89M, EV 99.4 MPH)
|
Batting: RHB Robert Carlos
|
0-0: Swinging Strike 0-1: Ball 1-1: Fly out, F8 (Flyball, 8LM, EV 92.5 MPH)
|
Bottom of the 3rd over - 0 runs, 1 hit, 0 errors, 1 left on base; University of Florida 3 - Oregon State University 1 |
TOP OF THE 4TH |
University of Florida Gators batting - Pitching for Oregon State University Beavers : RHP Zachary Whilden
|
Batting: RHB Ryan Jennings
|
0-0: Foul Ball, location: 2F 0-1: Ground out 6-3 (Groundball, 6, EV 109.4 MPH)
|
Batting: LHB Kuan Hsia
|
0-0: Ball 1-0: Called Strike 1-1: Foul Ball, location: 2F 1-2: SOLO HOME RUN (Flyball, 89XD, EV 111.9 MPH), Distance : 424 ft
|
Batting: LHB Cao-Ky Trieu
|
0-0: Ball 1-0: Ball 2-0: Foul Ball, location: 2F 2-1: Ball 3-1: Swinging Strike 3-2: Strikes out swinging
|
Batting: RHB Kazumi Inouye
|
0-0: Swinging Strike 0-1: Called Strike 0-2: Ball 1-2: Foul Ball, location: 2F 1-2: Ground out 6-3 (Groundball, 6, EV 88.1 MPH)
|
Top of the 4th over - 1 run, 1 hit, 0 errors, 0 left on base; University of Florida 4 - Oregon State University 1 |
BOTTOM OF THE 4TH |
Oregon State University Beavers batting - Pitching for University of Florida Gators : RHP Jason Waite
|
Batting: RHB Edwin Sierra
|
0-0: Fly out, F9 (Flyball, 89M, EV 91.9 MPH)
|
Batting: SHB Michael Woodard
|
0-0: Ball 1-0: Ball 2-0: Ball 3-0: Called Strike 3-1: Called Strike 3-2: Foul Ball, location: 2F 3-2: Ground out 4-3 (Groundball, 4M, EV 103.8 MPH)
|
Batting: LHB Sun-wei Kuai
|
0-0: Called Strike 0-1: Called Strike 0-2: Strikes out swinging
|
Bottom of the 4th over - 0 runs, 0 hits, 0 errors, 0 left on base; University of Florida 4 - Oregon State University 1 |
TOP OF THE 5TH |
University of Florida Gators batting - Pitching for Oregon State University Beavers : RHP Zachary Whilden
|
Batting: RHB Marco Morales
|
0-0: Ball 1-0: Ground out 4-3 (Groundball, 4, EV 80.0 MPH)
|
Batting: RHB Mike Stein
|
0-0: SINGLE (Groundball, 56S, EV 70.6 MPH) (infield hit)
|
Batting: RHB Martin Dudley
|
0-0: Ball 1-0: Called Strike 1-1: Foul Ball, location: 2F 1-2: Foul Ball, location: 2F 1-2: Ball 2-2: Foul Ball, location: 2F 2-2: Fly out, F8 (Flyball, 8LS, EV 81.2 MPH)
|
Batting: RHB Troy Bush
|
0-0: Ball Wild Pitch! Mike Stein to second 1-0: Ball 2-0: Called Strike 2-1: Foul Ball, location: 2F 2-2: SINGLE (Groundball, 34D, EV 98.1 MPH) Mike Stein to third Runner from 3rd tries for Home, throw by RF and OUT! 9-2
|
Top of the 5th over - 0 runs, 2 hits, 0 errors, 1 left on base; University of Florida 4 - Oregon State University 1 |
BOTTOM OF THE 5TH |
Oregon State University Beavers batting - Pitching for University of Florida Gators : RHP Jason Waite
|
Batting: LHB Chad Carlson
|
0-0: Bunt for hit to 13S - play at first, batter OUT! 1-3
|
Batting: RHB Gary Smith
|
0-0: Ball 1-0: Fly out, F4 (Popup, 4M, EV 70.0 MPH)
|
Batting: RHB Mario Avila
|
0-0: Ball 1-0: Ball 2-0: Called Strike 2-1: Foul Ball, location: 2F 2-2: Fly out, F9 (Flyball, 89M, EV 87.5 MPH)
|
Bottom of the 5th over - 0 runs, 0 hits, 0 errors, 0 left on base; University of Florida 4 - Oregon State University 1 |
TOP OF THE 6TH |
University of Florida Gators batting - Pitching for Oregon State University Beavers : RHP Zachary Whilden
|
Batting: RHB Alex Martinez
|
0-0: Called Strike 0-1: Swinging Strike 0-2: Strikes out swinging
|
Batting: RHB Ryan Jennings
|
0-0: Called Strike 0-1: Ball 1-1: Swinging Strike 1-2: Strikes out swinging
|
Batting: LHB Kuan Hsia
|
0-0: Ball 1-0: Ball 2-0: Ball 3-0: Called Strike 3-1: Fly out, F8 (Flyball, 8LS, EV 90.0 MPH)
|
Top of the 6th over - 0 runs, 0 hits, 0 errors, 0 left on base; University of Florida 4 - Oregon State University 1 |
BOTTOM OF THE 6TH |
Oregon State University Beavers batting - Pitching for University of Florida Gators : RHP Jason Waite
|
Batting: LHB Mike Becerra
|
0-0: Ball 1-0: Ball 2-0: Ball 3-0: Called Strike 3-1: Ground out 6-3 (Groundball, 6, EV 100.6 MPH)
|
Batting: RHB Yasuyuki Moriyama
|
0-0: Ball 1-0: Called Strike 1-1: Ball 2-1: Ball 3-1: Called Strike 3-2: Fly out, F7 (Flyball, 7LS, EV 85.0 MPH)
|
Batting: RHB Robert Carlos
|
0-0: Called Strike 0-1: Ground out 1-3 (Groundball, 15S, EV 69.4 MPH)
|
Bottom of the 6th over - 0 runs, 0 hits, 0 errors, 0 left on base; University of Florida 4 - Oregon State University 1 |
TOP OF THE 7TH |
University of Florida Gators batting - Pitching for Oregon State University Beavers : RHP Zachary Whilden
|
Batting: LHB Cao-Ky Trieu
|
0-0: Ball 1-0: Ball 2-0: Called Strike 2-1: Swinging Strike 2-2: Ground out 5-3 (Groundball, 56, EV 86.2 MPH)
|
Batting: RHB Kazumi Inouye
|
0-0: Ball 1-0: Ball 2-0: Ball 3-0: Foul Ball, location: 2F 3-1: Base on Balls
|
Batting: RHB Marco Morales
|
0-0: Ball 1-0: Ball 2-0: Ball 3-0: Base on Balls Kazumi Inouye to second
|
Batting: RHB Mike Stein
|
0-0: Called Strike 0-1: Fly out, F9 (Flyball, 9, EV 81.9 MPH)
|
Batting: RHB Martin Dudley
|
0-0: Ball 1-0: Ball 2-0: Ball 3-0: Base on Balls Kazumi Inouye to third Marco Morales to second
|
Batting: RHB Troy Bush
|
0-0: DOUBLE (Flyball, 8RXD, EV 108.1 MPH) Kazumi Inouye scores Marco Morales scores Martin Dudley to third Runner from 3rd tries for Home, throw by CF and OUT! 8-4-2
|
Top of the 7th over - 2 runs, 1 hit, 0 errors, 1 left on base; University of Florida 6 - Oregon State University 1 |
BOTTOM OF THE 7TH |
Oregon State University Beavers batting - Pitching for University of Florida Gators : RHP Jason Waite
|
Batting: RHB Edwin Sierra
|
0-0: SINGLE (Groundball, 3D, EV 105.6 MPH)
|
Batting: SHB Michael Woodard
|
0-0: Called Strike 0-1: Called Strike 0-2: Foul Ball, location: 2F 0-2: Ball 1-2: Foul Ball, location: 2F 1-2: Ball 2-2: Fly out, F9 (Flyball, 9, EV 94.4 MPH)
|
Batting: LHB Sun-wei Kuai
|
0-0: Foul Ball, location: 2F 0-1: Called Strike 0-2: Ball 1-2: Fly out, F8 (Flyball, 78M, EV 87.5 MPH)
|
Batting: LHB Chad Carlson
|
0-0: Called Strike 0-1: Ball 1-1: Foul Ball, location: 2F 1-2: Ball 2-2: Ball 3-2: Ground out 4-3 (Groundball, 4, EV 111.2 MPH)
|
Bottom of the 7th over - 0 runs, 1 hit, 0 errors, 1 left on base; University of Florida 6 - Oregon State University 1 |
TOP OF THE 8TH |
University of Florida Gators batting - Pitching for Oregon State University Beavers : RHP Zachary Whilden
|
Batting: RHB Alex Martinez
|
0-0: Foul Ball, location: 2F 0-1: Ball 1-1: Swinging Strike 1-2: Foul Ball, location: 2F 1-2: Ball 2-2: Foul Ball, location: 2F 2-2: Ball 3-2: SINGLE (Groundball, 4MD, EV 105.0 MPH)
|
Pitching: RHP Francisco Aguirre
|
|
Batting: RHB Ryan Jennings
|
0-0: Ball Passed Ball! Alex Martinez to second 1-0: Foul Ball, location: 2F 1-1: Ball 2-1: Ball 3-1: Foul Ball, location: 2F 3-2: Ground out 6-3 (Groundball, 6, EV 78.8 MPH)
|
Batting: LHB Kuan Hsia
|
0-0: Called Strike 0-1: Ground out 3-1 (Groundball, 34, EV 86.9 MPH) Alex Martinez to third
|
Batting: LHB Cao-Ky Trieu
|
0-0: Fly out, F8 (Flyball, 8RD, EV 93.8 MPH)
|
Top of the 8th over - 0 runs, 1 hit, 0 errors, 1 left on base; University of Florida 6 - Oregon State University 1 |
BOTTOM OF THE 8TH |
Oregon State University Beavers batting - Pitching for University of Florida Gators : RHP Jason Waite
|
Batting: RHB Gary Smith
|
0-0: SOLO HOME RUN (Flyball, 7LD, EV 96.2 MPH), Distance : 359 ft
|
Batting: RHB Mario Avila
|
0-0: Ball 1-0: Fly out, F9 (Line Drive, 9S, EV 87.5 MPH)
|
Batting: LHB Mike Becerra
|
0-0: Ball 1-0: Ball 2-0: Called Strike 2-1: Ball 3-1: Base on Balls
|
Pitching: RHP Pete Griesser
|
|
Batting: RHB Yasuyuki Moriyama
|
0-0: Ball 1-0: SINGLE (Groundball, 4D, EV 96.9 MPH) Mike Becerra to second Runner from 2nd tries for 3rd, SAFE, throw by RF made to third
|
Pinch Hitting: LHB Diego Vega
|
0-0: Ball 1-0: Foul Ball, location: 2F 1-1: Foul Ball, location: 2F 1-2: Foul Ball, location: 2F 1-2: Strikes out swinging
|
Batting: RHB Edwin Sierra
|
0-0: Ball 1-0: Foul Ball, location: 2F 1-1: DOUBLE (Line Drive, 3D, EV 105.0 MPH) Mike Becerra scores Yasuyuki Moriyama to third Runner from 3rd tries for Home, SAFE, throw by RF to home
|
Batting: SHB Michael Woodard
|
0-0: Ball 1-0: Ball 2-0: Foul Ball, location: 2F 2-1: Swinging Strike 2-2: Ball 3-2: Foul Ball, location: 2F 3-2: Foul Ball, location: 2F 3-2: Base on Balls
|
Pinch Hitting: LHB Emmett Hamilton
|
0-0: Called Strike 0-1: Ball 1-1: Foul Ball, location: 2F 1-2: Ball 2-2: Strikes out looking
|
Bottom of the 8th over - 3 runs, 3 hits, 0 errors, 2 left on base; University of Florida 6 - Oregon State University 4 |
TOP OF THE 9TH |
University of Florida Gators batting - Pitching for Oregon State University Beavers : RHP Francisco Aguirre
|
Now at 1B: Jose Diaz
|
|
Now in LF: Diego Vega
|
|
Batting: RHB Kazumi Inouye
|
0-0: Ball 1-0: Called Strike 1-1: Ball 2-1: Swinging Strike 2-2: Ground out 4-3 (Groundball, 4, EV 84.4 MPH)
|
Batting: RHB Marco Morales
|
0-0: Ball 1-0: Foul Ball, location: 2F 1-1: Ball 2-1: Called Strike 2-2: Foul Ball, location: 2F 2-2: Foul Ball, location: 2F 2-2: Foul Ball, location: 2F 2-2: SINGLE (Groundball, 25, EV 68.8 MPH) (infield hit)
|
Batting: RHB Mike Stein
|
0-0: Called Strike 0-1: Ball Wild Pitch! Marco Morales to second 1-1: Reached on error, E5 (Groundball, 56S, EV 68.1 MPH) Marco Morales to third
|
Batting: RHB Martin Dudley
|
0-0: Foul Ball, location: 2F 0-1: Ball 1-1: Foul Ball, location: 2F 1-2: Ball 2-2: Strikes out swinging
|
Batting: RHB Troy Bush
|
0-0: Ball 1-0: Called Strike 1-1: Swinging Strike 1-2: Strikes out looking
|
Top of the 9th over - 0 runs, 1 hit, 1 error, 2 left on base; University of Florida 6 - Oregon State University 4 |
BOTTOM OF THE 9TH |
Oregon State University Beavers batting - Pitching for University of Florida Gators : RHP Pete Griesser
|
Batting: LHB Chad Carlson
|
0-0: Foul Ball, location: 2F 0-1: Foul Ball, location: 2F 0-2: Ball 1-2: Strikes out looking
|
Batting: RHB Gary Smith
|
0-0: Ball 1-0: DOUBLE (Flyball, 8LXD, EV 98.1 MPH)
|
Batting: RHB Mario Avila
|
0-0: Called Strike 0-1: Called Strike 0-2: Ball 1-2: Strikes out looking
|
Batting: LHB Mike Becerra
|
0-0: Swinging Strike 0-1: Ball 1-1: Swinging Strike 1-2: Ball 2-2: Strikes out swinging
|
Bottom of the 9th over - 0 runs, 1 hit, 0 errors, 1 left on base; University of Florida 6 - Oregon State University 4 |
|